 Dungeon Crawl Stone Soup version 0.16-a0-3272-g378764d (webtiles) character file.

99852 Domokun the Black Belt (level 16, -2/85 HPs)
             Began as a Vine Stalker Monk on May 5, 2015.
             Was an Elder of Wulndraste.
             Slain by an eidolon (9 damage)
             ... on level 14 of the Dungeon.
             The game lasted 03:11:49 (27187 turns).

Domokun the Black Belt (Vine Stalker Monk)         Turns: 27187, Time: 03:11:51

Health: -2/85      AC: 25    Str: 18      XL:     16   Next: 26%
Magic:  0/54       EV:  5    Int:  9 (10) God:    Wulndraste [****..]
Gold:   1461       SH:  9    Dex: 27      Spells: 7 memorised, 2 levels left

rFire  . . .     SeeInvis +       - Unarmed
rCold  . . .     Clarity  +     X - +10 plate armour {ponderous}
rNeg   . . .     SustAb   .     H - +2 buckler {reflect}
rPois  +         Gourm    .     (helmet restricted)
rElec  .         Spirit   +     (no cloak)
rCorr  .         Warding  .     v - +2 pair of gloves
rMut   .         Rnd*Tele +     e - +2 pair of boots "Xeethext" {Str-2 Dex+1}
MR     ++++.                    o - amulet of regeneration
Stlth  ..........               O - ring "Treu" {+Inv rPois MR++ MP+9 SInv} (curse)
                                E - ring of magical power

@: slowed, very heavily drained, very slow, incredibly resistant to hostile
enchantments, extremely unstealthy
A: fangs 3, horns 1, talons 1, molten scales 1, agile 2, clarity, deformed body,
poison resistance, regeneration 3, strong 2, teleportitis 1, wild magic 1, magic
shield, antimagic bite, no device heal 3, rot immunity, forlorn
a: Blend In, Change of Scenery, Renounce Religion, Evoke Invisibility


You were on level 14 of the Dungeon.
You worshipped Wulndraste.
Wulndraste was greatly pleased with you.
You were not hungry.

You visited 4 branches of the dungeon, and saw 27 of its levels.
You also visited: Labyrinth, Ossuary and Volcano.

You collected 3325 gold pieces.
You spent 1864 gold pieces at shops.

Inventory:

Armour
 e - the +2 pair of boots "Xeethext" (worn) {Str-2 Dex+1}
   (You bought it in a shop on level 4 of the Orcish Mines)

   It affects your strength (-2).
   It affects your dexterity (+1).
 v - a +2 pair of gloves (worn)
 H - a +2 buckler of reflection (worn)
 L - the -4 troll leather armour of Incorporation {Stlth+}
   (You bought it in a shop on level 4 of the Orcish Mines)

   It makes you more stealthy.
 X - a +10 plate armour of ponderousness (worn)
Rods
 B - a +9 iron rod (13/13)
   (You found it in a labyrinth)
Jewellery
 d - an uncursed amulet of resist corrosion
 i - an uncursed ring of positive energy
 o - an amulet of regeneration (around neck)
 s - an uncursed ring of protection from cold
 E - a ring of magical power (left hand)
 J - an uncursed ring of teleport control
 M - an uncursed ring of teleportation
 O - the cursed ring "Treu" (right hand) {+Inv rPois MR++ MP+9 SInv}
   (You bought it in a shop on level 4 of the Orcish Mines)

   [ring of magical power]

   It protects you from poison.
   It affects your resistance to hostile enchantments.
   It affects your magic capacity (+9).
   It enhances your eyesight.
   It lets you turn invisible.
   It has a curse placed upon it.
 Q - an uncursed ring of sustain abilities
 V - an uncursed amulet of rage
 W - an uncursed ring of protection from fire
Magical devices
 f - a wand of digging (7)
 g - a wand of confusion (25)
 h - a wand of slowing (26)
 u - a wand of confusion (15)
 N - a wand of teleportation (5)
Scrolls
 c - 5 scrolls of fog
 l - 3 scrolls of magic mapping
 n - 8 scrolls of remove curse
 t - 10 scrolls of teleportation
 y - 4 scrolls of blinking
 z - 6 scrolls of fear
 I - a scroll of amnesia
Potions
 j - 3 potions of magic
 k - 8 potions of curing
 p - 2 potions of restore abilities
 q - a potion of cancellation
 x - a potion of might
 A - a potion of haste
 F - 9 potions of agility
 K - a potion of flight
 P - a potion of resistance
 S - a potion of berserk rage
 Y - a potion of invisibility
Books
 r - a book of Enchantments

   Spells                             Type                      Level
   a - Tukima's Dance                 Hexes                        3
   b - Cause Fear                     Hexes                        4
   c - Silence                        Hexes/Air                    5
   d - Deflect Missiles               Charms/Air                   6
   e - Haste                          Charms                       6
   f - Discord                        Hexes                        8
 U - a book of Transfigurations

   Spells                             Type                      Level
   a - Stoneskin                      Transmutation/Earth          2
   b - Irradiate                      Conjuration/Transmutation    5
   c - Statue Form                    Transmutation/Earth          6
   d - Hydra Form                     Transmutation                6
   e - Dragon Form                    Transmutation                7
Miscellaneous
 w - a plain deck of defence {drawn: 3}
 R - a phantom mirror
 Z - a lantern of shadows
Comestibles
 a - a poisonous chunk of flesh
 b - 14 bread rations
 m - 4 beef jerkies
 C - 17 meat rations
 D - 20 fruits
 T - 8 royal jellies


   Skills:
 - Level 2.6(0.0) Fighting
 - Level 10.2(6.0) Armour
 - Level 2.4(0.0) Dodging
 - Level 2.4(0.0) Stealth
 - Level 10.2(6.0) Shields
 * Level 18.0(13.0) Unarmed Combat
 - Level 3.0(0.0) Spellcasting
 + Level 7.6(3.7) Transmutations
 - Level 9.3(5.2) Invocations
 - Level 8.2(4.2) Evocations


You had 2 spell levels left.
You knew the following spells:

 Your Spells              Type           Power        Failure   Level  Hunger
a - Repel Missiles        Chrm/Air       #.....       100%        2    ###....
b - Swiftness             Chrm/Air       #.......     100%        2    ###....
c - Apportation           Tloc           #.........   100%        1    ##.....
d - Fireball              Conj/Fire      #.........   100%        5    ######.
e - Stoneskin             Trmt/Erth      #.......     100%        2    ###....
f - Statue Form           Trmt/Erth      #........    100%        6    #######
g - Summon Butterflies    Summ           #.......     100%        1    ##.....


Dungeon Overview and Level Annotations

Branches:
Dungeon (14/15)            Temple (1/1) D:7            Lair (8/8) D:9
  Swamp (0/5) Lair:5        Snake (0/5) Lair:6          Orc (4/4) D:10
    Elf (0/3) Orc:4        Vaults (0/5) D:13
  Slime: Lair:6-8

Altars:
Ashenzari
Cheibriados
Dithmenos
Elyvilon
Fedhas
Gozag
Kikubaaqudgha
Makhleb
Nemelex Xobeh
Okawaru
Qazlal
Ru
Sif Muna
Trog
Vehumet Wulndraste
Xom
Yredelemnul
Zin
The Shining One
Beogh

Shops:
D:8 :   D:14 *   Orc:4 [=*(

Annotations:
D:4 esran's ghost, average TrMo
Lair:3 exclusion: oklob plant
Lair:6 exclusion: oklob plant


Innate Abilities, Weirdness & Mutations

You have razor-sharp teeth.
You regenerate.
When hurt, damage is shared between your health and your magic reserves.
Your bite disrupts and absorbs the magic of your enemies.
Potions and wands cannot restore your health.
You are immune to rotting.
You have a pair of small horns on your head.
You have sharp toenails.
You are partially covered in molten scales (AC +1).
You are very agile. (Dex +4)
You possess an exceptional clarity of mind.
Armour fits poorly on your strangely shaped body.
Your system is resistant to poisons.
Your muscles are very strong. (Str +4)
Space occasionally distorts in your vicinity.
Your spells are a little harder to cast, but a little more powerful.
You have difficulty communicating with the divine.


Message History

The efreet hits you with a scimitar of flaming!
The efreet burns you.
* * * LOW HITPOINT WARNING * * *
The eidolon breathes negative energy at you.
The bolt of negative energy hits you!
You feel drained.
* * * LOW HITPOINT WARNING * * *
The efreet hits you but does no damage.
The eidolon hits you but does no damage.
You block the eidolon's attack.
Use which ability? (? or * to list)
You fail to use your ability.
The eidolon hits you but does no damage. x2
The efreet barely misses you.
Use which ability? (? or * to list)
You fail to use your ability.
The eidolon hits you!
* * * LOW HITPOINT WARNING * * *
The eidolon hits you.
* * * LOW HITPOINT WARNING * * *
You block the efreet's attack. The eidolon hits you!
You die...

#.# #..........# #..##.# #..# #.#
#..........# #..##.# #..# #.#
#..........# #.....###..# #.#
#..........# #....>.....# #.#
#..........# #..#.......# #.#
#......##..## #..#...#...#
#.#####......##...############..#
#............##.RW..# #..#
#.#####......##.@#.§# #### #.#
#......##..#.§# #.#
#......##..#..# ## # ..#
#......##..#..###.#§#§# ..#
#.###..##..#....).R.§... ..# #.#
#..##..#............ ..# #.#
#..##..#..###.#%#.## ..# #.#
#..##..#..# # ..# #.# #..##.[#..#


You could see an eidolon and an efreet.

Vanquished Creatures
  2 orc warlords
  A minotaur (Lab)
  4 vault guards (D:13)
  The ghost of XuaXua the Cruncher, a powerful GrGl of Wulndraste (Orc:4)
  5 hydras
  A centaur warrior (D:12)
  7 orc high priests
  6 death yaks (Lair:5)
  Urug (D:11)
  3 catoblepae
  Nergalle (D:13)
  A skeletal warrior (D:14)
  A sun demon (Orc:4)
  A fire crab (Lair:7)
  An ice statue (Lair:4)
  Erolcha (D:12)
  4 hill giants
  Pikel (D:8)
  A necromancer (D:14)
  9 orc knights
  6 ugly things
  2 cyclopes
  2 griffons (Lair:7)
  10 elephants
  3 orc sorcerers
  5 black mambas
  A molten gargoyle (Volcano)
  The ghost of Yamstis the Cleaver, an experienced MiFi (D:6)
  2 gargoyles
  3 kobold demonologists
  Psyche (Orc:4)
  6 spiny frogs
  An elf (Lair:6)
  5 fire drakes
  A tengu conjurer (D:13)
  5 trolls
  4 spriggan druids
  8 komodo dragons
  A deep elf priest (Orc:4)
  A queen bee (D:13)
  6 polar bears
  3 two-headed ogres
  5 slime creatures (D:13)
  9 blink frogs
  Grinder (D:3)
  A boulder beetle (Lair:7)
  A harpy skeleton (D:14)
  A flying skull (D:14)
  2 fire vortices (Volcano)
  2 ravens (D:13)
  2 basilisks
  A two-headed ogre (shapeshifter) (D:14)
  The ghost of one1010 the Ruffian, an average VSMo (Ossuary)
  5 redbacks (Lair:8)
  2 wyverns
  24 spriggans
  40 yaks
  6 hippogriffs
  Eustachio (D:6)
  A steam dragon (Lair:8)
  3 vampire mosquitoes (D:10)
  2 nagas (Lair:6)
  A golden eye (shapeshifter) (D:14)
  2 hungry ghosts
  A mottled dragon (D:11)
  3 wargs
  34 wolves
  8 water moccasins
  11 porcupines
  4 ice beasts
  2 necrophages
  A slave (D:8)
  An eye of draining (D:13)
  59 orc warriors
  8 sky beasts
  7 yellow wasps
  5 black bears
  6 centaurs
  11 ogres
  17 crocodiles
  18 giant frogs
  21 big kobolds
  A gnoll sergeant (D:11)
  2 wyvern zombies (D:14)
  5 scorpions
  2 wyvern skeletons
  29 killer bees
  10 wights
  10 centaur zombies
  5 electric eels
  7 crimson imps
  A goliath beetle (D:9)
  A giant frog zombie (D:12)
  4 lava snakes (Lab)
  9 centaur skeletons
  A human zombie (Ossuary)
  26 orc priests
  14 hounds
  A jelly (D:7)
  10 iguanas
  8 worker ants
  33 orc wizards
  11 hell rats (Lair:6)
  2 sheep (D:8)
  2 big kobold zombies (Ossuary)
  8 mummies
  6 gnolls
  76 river rats
  25 adders
  2 giant mites
  3 shadow imps
  6 worms
  An ufetubus (D:13)
  2 adder zombies
  2 adder skeletons
  An ooze (D:5)
  127 orcs
  6 giant cockroaches
  2 gnoll zombies (Ossuary)
  19 goblins
  14 hobgoblins
  6 jackals
  11 quokkas
  22 bats
  A giant gecko (D:3)
  A giant gecko skeleton (D:4)
  8 giant newts
  A giant spore (D:11)
  A jackal skeleton (D:4)
  31 kobolds
  An orc zombie (Ossuary)
  30 rats
  4 ballistomycetes
  A fungus (Lair:8)
1071 creatures vanquished.

Vanquished Creatures (others)
  A centaur zombie (D:14)
  A polar bear (Lair:8)
  A fire vortex (Volcano)
  A flying skull (D:14)
  A slave (D:8)
  A killer bee (D:13)
  An orc wizard (Orc:3)
  A giant spore (D:9)
  2 kobolds (D:12)
  A fungus (Lair:8)
  A plant (Lair:8)
12 creatures vanquished.

Grand Total: 1083 creatures vanquished

Notes
Turn   | Place    | Note
--------------------------------------------------------------
     0 | D:1      | Domokun, the Vine Stalker Monk, began the quest for the Orb.
     0 | D:1      | Reached XP level 1. HP: 11/11 MP: 1/1
   111 | D:1      | Reached XP level 2. HP: 16/16 MP: 3/3
   700 | D:1      | Reached XP level 3. HP: 11/19 MP: 2/4
   873 | D:2      | Reached skill level 5 in Unarmed Combat
  1209 | D:2      | Reached XP level 4. HP: 23/23 MP: 5/5
  1453 | D:2      | Found a deep blue altar of Sif Muna.
  1923 | D:3      | Reached skill level 6 in Unarmed Combat
  2054 | D:3      | Reached XP level 5. HP: 27/27 MP: 7/7
  2237 | D:3      | Noticed Grinder
  2274 | D:3      | Paralysed by Grinder for 7 turns
  2293 | D:3      | Killed Grinder
  2293 | D:3      | Reached skill level 7 in Unarmed Combat
  2293 | D:3      | Gained mutation: You heal very quickly. [vine stalker growth]
  2293 | D:3      | Reached XP level 6. HP: 11/32 MP: 8/8
  3005 | D:3      | Gained mutation: Your mind is acute. (Int +2) [potion of mutation]
  3005 | D:3      | Gained mutation: You occasionally shout uncontrollably at your foes. [potion of mutation]
  3005 | D:3      | Gained mutation: Space occasionally distorts in your vicinity. [potion of mutation]
  3006 | D:3      | Gained mutation: You are agile. (Dex +2) [potion of mutation]
  3006 | D:3      | Gained mutation: Your system is resistant to poisons. [potion of mutation]
  3006 | D:3      | Lost mutation: Your mind is acute. (Int +2) [potion of mutation]
  3157 | D:4      | Noticed esran's ghost (average TrMo)
  3272 | D:4      | Reached skill level 8 in Unarmed Combat
  3275 | D:4      | Reached XP level 7. HP: 25/35 MP: 9/9
  3473 | D:5      | Entered Level 5 of the Dungeon
  3490 | D:5      | Reached skill level 9 in Unarmed Combat
  4006 | D:5      | Gained mutation: You have razor-sharp teeth. [vine stalker growth]
  4006 | D:5      | Reached XP level 8. HP: 36/39 MP: 9/11
  4066 | D:5      | Found a bloodstained altar of Trog.
  4067 | D:5      | Found an ancient bone altar of Kikubaaqudgha.
  4072 | D:5      | Found a blossoming altar of Fedhas.
  4073 | D:5      | Found a radiant altar of Vehumet.
  4247 | D:5      | Reached skill level 10 in Unarmed Combat
  4410 | D:5      | Found a blossoming altar of Fedhas.
  4679 | D:5      | Gained mutation: Your muscles are strong. (Str +2) [potion of mutation]
  4679 | D:5      | Gained mutation: You possess an exceptional clarity of mind. [potion of mutation]
  4679 | D:5      | Gained mutation: You evolve. [potion of mutation]
  4680 | D:5      | Gained mutation: You have difficulty communicating with the divine. [potion of mutation]
  4680 | D:5      | Gained mutation: Your muscles are very strong. (Str +4) [potion of mutation]
  4773 | D:6      | Got an iridescent falchion
  4777 | D:6      | Identified the cursed +0 falchion of Ru's Hatred {venom, Noisy +Rage rC++} (You found it on level 6 of the Dungeon)
  4827 | D:6      | Reached skill level 1 in Armour
  4957 | D:6      | Noticed Eustachio
  4961 | D:6      | Found a shattered altar of Ashenzari.
  4965 | D:6      | Gained mutation: You have a pair of small horns on your head. [potion of beneficial mutation]
  4974 | D:6      | Killed Eustachio
  4995 | D:6      | Gained mutation: You have sharp toenails. [potion of beneficial mutation]
  4996 | D:6      | Gained mutation: You are partially covered in molten scales (AC +1). [potion of beneficial mutation]
  5066 | D:6      | Noticed Yamstis' ghost (experienced MiFi)
  5115 | D:6      | Killed Yamstis' ghost
  5115 | D:6      | Reached skill level 5 in Armour
  5115 | D:6      | Reached XP level 9. HP: 12/43 MP: 4/12
  5948 | D:7      | Found a staircase to the Ecumenical Temple.
  6495 | D:7      | Gained mutation: Your spells are a little harder to cast, but a little more powerful. [mutagenic meat]
  6496 | D:7      | Lost mutation: You occasionally shout uncontrollably at your foes. [mutagenic meat]
  6535 | D:7      | Gained mutation: Your spells are harder to cast, but more powerful. [evolution]
  6535 | D:7      | Lost mutation: You evolve. [end of evolution]
  6604 | Temple   | Entered the Ecumenical Temple
  6652 | Temple   | Became a worshipper of Wulndraste the Wayfarer
  6652 | Temple   | Acquired Wulndraste's first power
  6652 | Temple   | Acquired Wulndraste's second power
  7097 | D:8      | Found a sand-covered staircase.
  7102 | Ossuary  | Entered an ossuary
  7110 | Ossuary  | Noticed one1010's ghost (average VSMo)
  7124 | Ossuary  | Killed one1010's ghost
  7124 | Ossuary  | Reached skill level 1 in Shields
  7124 | Ossuary  | Reached XP level 10. HP: 49/51 MP: 14/14
  7233 | Ossuary  | Gained mutation: You have razor-sharp toenails. [potion of beneficial mutation]
  7373 | D:8      | Found Pnaorug's Book Boutique.
  7579 | D:8      | Noticed Pikel
  7585 | D:8      | Killed Pikel
  7655 | D:8      | Reached skill level 5 in Shields
  7899 | D:8      | Noticed a three-headed hydra
  7908 | D:8      | Killed a three-headed hydra
  8351 | D:9      | Found a glowing silver altar of Zin.
  8351 | D:9      | Found a burning altar of Makhleb.
  8352 | D:9      | Noticed an Executioner
  8352 | D:9      | Noticed an angel
  8502 | D:9      | Acquired Wulndraste's third power
  8784 | D:9      | Found a staircase to the Lair.
  8833 | D:9      | Reached XP level 11. HP: 61/61 MP: 18/18
  9021 | Lair:1   | Entered Level 1 of the Lair of Beasts
  9403 | Lair:1   | Noticed a six-headed hydra
  9414 | Lair:1   | Killed a six-headed hydra
  9414 | Lair:1   | Reached skill level 10 in Shields
 10212 | Lair:2   | Acquired Wulndraste's fourth power
 10237 | Lair:2   | Reached skill level 11 in Unarmed Combat
 11113 | Lair:3   | Reached skill level 12 in Unarmed Combat
 11270 | Lair:3   | Gained mutation: You regenerate. [vine stalker growth]
 11270 | Lair:3   | Reached XP level 12. HP: 67/67 MP: 19/19
 12018 | Lair:4   | Noticed a four-headed hydra
 12031 | Lair:4   | Killed a four-headed hydra
 12031 | Lair:4   | Reached skill level 13 in Unarmed Combat
 12037 | Lair:4   | Found a dark tunnel.
 12053 | Volcano  | Entered a volcano
 12923 | Lair:4   | Identified the Guide on Creation
 12947 | Lair:4   | Got a spiked leather armour
 12958 | Lair:4   | Identified the +0 leather armour of Mysticism {Str+3 Int-3 Dex+3} (You found it on level 4 of the Lair of Beasts)
 12959 | Lair:4   | Got a scorched scale mail
 12970 | Lair:4   | Identified the +2 scale mail of Redwio {rN+ Str+1} (You found it on level 4 of the Lair of Beasts)
 12986 | Lair:4   | Got a bloodstained dagger
 12987 | Lair:4   | Identified the +4 dagger "Kuyst" {drain, rElec rC++} (You found it on level 4 of the Lair of Beasts)
 13068 | Lair:5   | Reached skill level 14 in Unarmed Combat
 13223 | Lair:5   | Reached skill level 1 in Evocations
 13409 | Lair:5   | Noticed a death yak
 13409 | Lair:5   | Noticed a death yak
 13420 | Lair:5   | Noticed a death yak
 13423 | Lair:5   | Noticed a death yak
 13428 | Lair:5   | Noticed a death yak
 13430 | Lair:5   | Noticed a death yak
 13430 | Lair:5   | Killed a death yak
 13447 | Lair:5   | Killed a death yak
 13453 | Lair:5   | Killed a death yak
 13469 | Lair:5   | Killed a death yak
 13482 | Lair:5   | Killed a death yak
 13497 | Lair:5   | Killed a death yak
 13603 | Lair:5   | Found a staircase to the Swamp.
 13618 | Lair:5   | Reached XP level 13. HP: 70/70 MP: 26/26
 13699 | Lair:5   | Reached skill level 15 in Unarmed Combat
 14561 | Lair:6   | Acquired Wulndraste's fifth power
 14811 | Lair:6   | Found a staircase to the Snake Pit.
 14817 | Lair:6   | Reached skill level 5 in Evocations
 15631 | Lair:7   | Reached skill level 1 in Invocations
 15876 | Lair:7   | Got a bloodstained buckler
 15882 | Lair:7   | Identified the cursed -1 buckler "Gruachy" {Int+3} (You found it on level 7 of the Lair of Beasts)
 16068 | Lair:7   | Reached skill level 5 in Invocations
 16630 | Lair:8   | Entered Level 8 of the Lair of Beasts
 16820 | Lair:8   | Found a labyrinth entrance.
 16839 | Lab      | Entered a labyrinth
 17606 | Lab      | Noticed a minotaur
 17617 | Lab      | Killed a minotaur
 17617 | Lab      | Reached XP level 14. HP: 60/81 MP: 35/35
 17690 | Lair:8   | Learned a level 2 spell: Repel Missiles
 17693 | Lair:8   | Learned a level 2 spell: Swiftness
 19086 | D:10     | Entered Level 10 of the Dungeon
 19195 | D:10     | Found a staircase to the Orcish Mines.
 19605 | D:10     | Learned a level 7 spell: Delayed Fireball
 19611 | D:10     | Learned a level 5 spell: Fireball
 19622 | Orc:1    | Entered Level 1 of the Orcish Mines
 20109 | Orc:2    | Found a roughly hewn altar of Beogh.
 20361 | Orc:2    | Found a burning altar of Makhleb.
 20863 | Orc:3    | Found an iron altar of Okawaru.
 21229 | Orc:3    | Learned a level 2 spell: Stoneskin
 21375 | Orc:3    | Noticed an orc warlord
 21382 | Orc:3    | Found a roughly hewn altar of Beogh.
 21404 | Orc:3    | Reached skill level 1 in Spellcasting
 21530 | Orc:3    | Killed an orc warlord
 21530 | Orc:3    | Reached skill level 10 in Armour
 21739 | Orc:3    | Identified a scroll of acquirement
 21786 | Orc:3    | Learned a level 6 spell: Statue Form
 21814 | Orc:4    | Entered Level 4 of the Orcish Mines
 21823 | Orc:4    | Found a roughly hewn altar of Beogh.
 21950 | Orc:4    | Noticed XuaXua's ghost (powerful GrGl)
 21983 | Orc:4    | Killed XuaXua's ghost
 21983 | Orc:4    | Reached XP level 15. HP: 87/87 MP: 37/37
 21993 | Orc:4    | Found a staircase to the Elven Halls.
 22040 | Orc:4    | Noticed Psyche
 22044 | Orc:4    | Killed Psyche
 22044 | Orc:4    | Reached skill level 1 in Transmutations
 22861 | Orc:4    | Reached skill level 16 in Unarmed Combat
 23098 | Orc:4    | Found Katrus' Antique Armour Emporium.
 23098 | Orc:4    | Found Ghebloin's Weapon Emporium.
 23098 | Orc:4    | Found Shakuic's Jewellery Shoppe.
 23376 | Orc:4    | Found Siagem's General Store.
 23383 | Orc:4    | Bought a pair of ichor-stained boots for 323 gold pieces
 23383 | Orc:4    | Bought a slimy troll leather armour for 680 gold pieces
 23388 | Orc:4    | Identified the cursed +2 pair of boots "Xeethext" {Str-2 Dex+1} (You bought it in a shop on level 4 of the Orcish Mines)
 23400 | Orc:4    | Identified the cursed -4 troll leather armour of Incorporation {Stlth+} (You bought it in a shop on level 4 of the Orcish Mines)
 23413 | Orc:4    | Bought the ring "Treu" {+Inv rPois MR++ MP+9 SInv} for 508 gold pieces
 23421 | Orc:4    | Bought an uncursed amulet of resist corrosion for 200 gold pieces
 23496 | Orc:4    | Found a roughly hewn altar of Beogh.
 23776 | Orc:4    | Found a staircase to the Elven Halls.
 24112 | Orc:4    | Bought a shiny buckler for 153 gold pieces
 24405 | D:11     | Noticed Urug
 24419 | D:11     | Killed Urug
 24764 | D:12     | Noticed Erolcha
 24788 | D:12     | Killed Erolcha
 24798 | D:12     | Reached skill level 5 in Transmutations
 24925 | D:12     | Gained mutation: You are very agile. (Dex +4) [mutagenic meat]
 24926 | D:12     | Lost mutation: You have razor-sharp toenails. [mutagenic meat]
 25175 | D:12     | Found a burning altar of Makhleb.
 25215 | D:12     | Reached skill level 17 in Unarmed Combat
 25426 | D:13     | Found a gate to the Vaults.
 25512 | D:13     | Gained mutation: Armour fits poorly on your strangely shaped body. [mutagenic meat]
 26035 | D:13     | Noticed Nergalle
 26050 | D:13     | Killed Nergalle
 26137 | D:13     | Reached XP level 16. HP: 68/85 MP: 36/36
 26602 | D:14     | Found an opulent altar of Gozag.
 26603 | D:14     | Found Gozag's Nutrition Petition.
 26632 | D:14     | Learned a level 1 spell: Apportation
 26634 | D:14     | Learned a level 1 spell: Summon Butterflies
 26767 | D:14     | Lost mutation: Your spells are harder to cast, but more powerful. [mutagenic meat]
 27031 | D:14     | Reached skill level 18 in Unarmed Combat
 27187 | D:14     | Slain by an eidolon

Action                   |  1- 3 |  4- 6 |  7- 9 | 10-12 | 13-15 | 16-18 || total
-------------------------+-------+-------+-------+-------+-------+-------++-------
Melee: Unarmed           |   111 |   173 |   311 |   793 |  2095 |   203 ||  3686
Throw: Stone             |     6 |       |     5 |     4 |    10 |       ||    25
       Javelin           |       |       |       |    19 |     8 |       ||    27
       Tomahawk          |       |       |       |     7 |     2 |       ||     9
Invok: Blend In          |       |       |       |       |    11 |       ||    11
       Change of Scenery |       |       |       |       |     2 |     1 ||     3
 Abil: Evoke Teleportati |       |       |       |       |     3 |       ||     3
       Evoke Teleport Co |       |       |       |       |     2 |       ||     2
Evoke: Wand              |       |       |    11 |     8 |    50 |     1 ||    70
       Deck              |       |       |       |       |     6 |     1 ||     7
       Rod               |       |       |       |       |     2 |       ||     2
  Use: Scroll            |       |     6 |     8 |    21 |    15 |     2 ||    52
       Potion            |       |     2 |     6 |     4 |     3 |       ||    15
 Stab: Sleeping          |     7 |     6 |     2 |       |       |       ||    15
       Distracted        |       |     1 |       |       |       |       ||     1
       Confused          |       |       |     4 |     1 |     9 |       ||    14
       Fleeing           |       |       |       |       |     1 |       ||     1
  Eat: Chunk             |     1 |     7 |    13 |    20 |    50 |     5 ||    96
       Royal jelly       |       |       |     1 |     1 |     2 |       ||     4
       Fruit             |       |       |       |     1 |       |       ||     1
       Pizza             |       |       |       |     1 |     8 |       ||     9
       Beef jerky        |       |       |       |       |     1 |     3 ||     4
